 Dungeon Crawl Stone Soup version 0.30-a0-956-gcec3b41aec (webtiles) character file.

Game seed: 4613954330915326239

107 HoaS the Shooter (level 5, -1/38 HPs)
             Began as a Formicid Hunter on Mar 30, 2023.
             Slain by a gnoll
             ... wielding a +0 flail
              (6 damage)
             ... on level 1 of the Dungeon.
             The game lasted 00:02:56 (1453 turns).

HoaS the Shooter (Formicid Hunter)                  Turns: 1453, Time: 00:02:57

Health: -1/38      AC:  3    Str: 15    XL:     5   Next: 10%
Magic:  5/5        EV: 12    Int:  9    God:
Gold:   73         SH:  0    Dex: 19    Spells: 4/4 levels left

rFire   . . .      SeeInvis +    a - +0 shortbow
rCold   . . .      Faith    .    (no shield)
rNeg    . . .      Spirit   .    c - +0 leather armour
rPois   .          Reflect  .    (helmet unavailable)
rElec   .          Rampage  .    (no cloak)
rCorr   .                        (no gloves)
Will    .....                    (no boots)
Stlth   ++                       (no amulet)
HPRegen 0.26/turn                (no ring)
MPRegen 0.09/turn                (no ring)

@: no status effects
A: permanent stasis, dig shafts and tunnels, antennae 3, four strong arms
a: Dig, Shaft Self


You were on level 1 of the Dungeon.
You visited 1 branch of the dungeon, and saw 2 of its levels.

You collected 73 gold pieces.

Inventory:

Hand Weapons
 a - a +0 shortbow (weapon)
Armour
 c - a +0 leather armour (worn)
Scrolls
 b - a scroll of immolation
 h - a scroll of summoning
Potions
 e - a potion of curing
 f - a potion of attraction {unknown}
 g - a potion of brilliance {unknown}
 i - a potion of heal wounds {unknown}
 j - a potion of might {unknown}


   Skills:
 - Level 2.1 Fighting
 + Level 6.0 Ranged Weapons
 - Level 1.7 Dodging
 - Level 1.2 Stealth


You had 4 spell levels left.
You didn't know any spells.
Your spell library was empty.

Dungeon Overview and Level Annotations

Branches:
Dungeon (2/15)

Altars:

Shops:
D:1 =


Innate Abilities, Weirdness & Mutations

You cannot be hasted, slowed, berserked, paralysed or teleported.
You can dig through walls and to a lower floor.
You have a pair of large antennae on your head. (SInv)
Your four strong arms can wield two-handed weapons with a shield.


Message History

You climb upwards.
There is a stone staircase leading down, spattered with blood here.
You start resting.
HP restored.
You climb downwards.
The gnoll closely misses you. The gnoll hits you but does no damage.
There is a stone staircase leading up, spattered with blood here.
The gnoll hits you with a +0 flail. The gnoll misses you.
The gnoll closely misses you.
You climb upwards.
There is a stone staircase leading down, spattered with blood here.
You shoot an arrow. The arrow hits the gnoll!
The gnoll is heavily wounded.
The gnoll hits you with a +0 flail. The gnoll barely misses you.
You shoot an arrow. The arrow barely misses the gnoll.
The gnoll closely misses you. The gnoll misses you.
The gnoll hits you but does no damage. The gnoll hits you with a +0 spear.
You shoot an arrow. The arrow hits the gnoll!
You kill the gnoll!
The gnoll hits you with a +0 flail.
Your Ranged Weapons skill increases to level 6!
You have reached level 5!
You shoot an arrow.
The arrow hits the gnoll but does no damage.
The gnoll hits you with a +0 flail.
You shoot an arrow. The arrow barely misses the gnoll.
The gnoll hits you with a +0 flail.
You shoot an arrow. The arrow hits the gnoll.
The gnoll is lightly wounded.
The gnoll hits you with a +0 flail.
You shoot an arrow. The arrow hits the gnoll!
The gnoll is severely wounded.
The gnoll hits you with a +0 flail.
* * * LOW HITPOINT WARNING * * *
The gnoll misses you.
You shoot an arrow.
The arrow hits the gnoll but does no damage.
The gnoll is severely wounded.
The gnoll hits you with a +0 flail.
You die...

###### ####### #....#
#...... #....# #......
##....###########......
#....)@...............#
#....)g..###..........#
#.........#...........#
######....#...........#
#.................#
####.........###...###
#.....####....##...# #
#.............##...###
###...#.#.#####.##.....#


You could see a gnoll.

Vanquished Creatures
  5 gnolls
  An adder (D:2)
  A worm (D:2)
  An endoplasm (D:2)
  3 giant cockroaches
  4 goblins
  7 hobgoblins
  3 quokkas
  A ball python (D:1)
  5 bats
  5 frilled lizards
  4 kobolds (D:1)
  9 rats
49 creatures vanquished.

Vanquished Creatures (others)
  4 plants (D:2)
4 creatures vanquished.

Grand Total: 53 creatures vanquished

Notes
Turn   | Place    | Note
-------+----------+-------------------------------------------
     0 | D:1      | HoaS the Formicid Hunter began the quest for the Orb.
     0 | D:1      | Reached XP level 1. HP: 16/16 MP: 1/1
    96 | D:1      | Reached XP level 2. HP: 22/22 MP: 2/2
   272 | D:1      | Reached XP level 3. HP: 4/27 MP: 3/3
   478 | D:1      | Found Zyhev's Jewellery Emporium.
   516 | D:1      | Reached skill level 5 in Ranged Weapons
   850 | D:2      | Reached XP level 4. HP: 33/33 MP: 4/4
  1449 | D:1      | Reached skill level 6 in Ranged Weapons
  1449 | D:1      | Reached XP level 5. HP: 18/38 MP: 5/5
  1453 | D:1      | Slain by a gnoll

Illustrated notes

Levels and vault maps discovered:
D:1:      dpeg_arrival_prison, layout_basic, serial_shops,
          nicolae_shop_hallway_stairs, chequers_garden, minmay_tromino_mix6
D:2:      layout_rooms, serial_forest, infiniplex_forest_clump_large,
          infiniplex_forest_straight_4, infiniplex_forest_lined_4_way,
          infiniplex_forest_clump_long, infiniplex_forest_straight_2,
          infiniplex_forest_clump_small, chequers_ecumenical_altar_grove,
          minmay_small_reverse_x

Skill      XL: |  1  2  3  4 |
---------------+-------------+-----
Ranged Weapons | 5 6 |  6.0
Fighting       | |  2.1
Dodging        | |  1.7
Stealth        | |  1.2

Action                     |  1- 3 |  4- 6 || total
---------------------------+-------+-------++-------
   Fire: Shortbow          |   126 |    38 ||   164
Ability: Dig               |       |     1 ||     1
    Use: Scroll            |     4 |     3 ||     7
 Armour: Leather armour    |    22 |    10 ||    32
  Dodge: Dodged            |    38 |    27 ||    65

Table legend: (Time is in decaauts)
 A = Elapsed time spent in this place.
 B = Non-inter-level travel time spent in this place.
 C = Inter-level travel time spent in this place.
 D = Time resting spent in this place.
 E = Time spent auto-exploring this place.
 F = Levels seen in this place.
 G = Mean time per level.
                   A        B        C        D        E       F      G
               +--------+--------+--------+--------+--------+-----+--------+
         Total |   1505 |   1474 |     31 |    599 |    543 |   2 |  752.5 |
       Dungeon |   1505 |   1474 |     31 |    599 |    543 |   2 |  752.5 |
               +--------+--------+--------+--------+--------+-----+--------+

Top non-repeatable levels by time:
     D:1: 1180 daAuts
     D:2: 325 daAuts
